 Dungeon Crawl Stone Soup version 0.30-a0-6-g7c9e10e132 (webtiles) character file.

Game seed: 5465811372839685693

175 SensoryNuts the Chopper (level 5, -5/61 HPs)
             Began as a Demonspawn Fighter on Aug 22, 2022.
             Succumbed to an orc wizard's poison
             ... on level 3 of the Dungeon.
             The game lasted 00:03:55 (3228 turns).

SensoryNuts the Chopper (Demonspawn Fighter)        Turns: 3228, Time: 00:03:55

Health: -5/61      AC: 13    Str: 18    XL:     5   Next: 29%
Magic:  5/5        EV:  9    Int:  9    God:
Gold:   193        SH:  4    Dex: 13    Spells: 4/4 levels left

rFire   . . .      SeeInvis .    a - +0 war axe (freeze)
rCold   . . .      Faith    .    c - +0 buckler
rNeg    . . .      Spirit   .    b - +0 scale mail
rPois   .          Reflect  .    (no helmet)
rElec   .          Harm     .    (no cloak)
rCorr   .          Rampage  .    (no gloves)
Will    .....                    (no boots)
Stlth   ..........               (no amulet)
HPRegen 0.20/turn                k - +4 ring of protection
MPRegen 0.09/turn                (no ring)

@: berserking, lethally poisoned (-5 -> -44), very quick
A: thin metallic scales 2, powered by death 1
a: no special abilities


You were on level 3 of the Dungeon.
You visited 1 branch of the dungeon, and saw 3 of its levels.

You collected 193 gold pieces.

Inventory:

Hand Weapons
 a - a +0 war axe of freezing (weapon)
Armour
 b - a +0 scale mail (worn)
 c - a +0 buckler (worn)
Jewellery
 j - an amulet of faith
 k - a +4 ring of protection (left hand)
Scrolls
 f - a scroll of immolation
 i - 3 scrolls of teleportation
 l - a scroll of torment
 m - a scroll of butterflies
 n - a scroll of silence
 p - 2 scrolls of identify
Potions
 d - a potion of might
 e - a potion of berserk rage
 o - a potion of brilliance


   Skills:
 + Level 3.6 Fighting
 + Level 3.9 Axes
 + Level 3.1 Armour
 + Level 1.0 Dodging
 + Level 3.0 Shields


You had 4 spell levels left.
You didn't know any spells.
Your spell library contained the following spells:

 Spells                   Type           Power      Damage    Failure   Level
 Shock                    Conj/Air       0%         1d3       86%         1
 Gell's Gravitas          Tloc           0%         N/A       99%         3
 Lesser Beckoning         Tloc           0%         N/A       99%         3
 Swiftness                Air            0%         N/A       99%         3
 Teleport Other           Tloc           0%         N/A       99%         3
 Airstrike                Air            0%         2d(0-16)  100%        4


Dungeon Overview and Level Annotations

Branches:
Dungeon (3/15)

Altars:
Fedhas
Nemelex Xobeh
Ru


Innate Abilities, Weirdness & Mutations

You are mostly covered in thin metallic scales. (AC +3)
You regenerate a little health from kills.


Message History

* * * LOW HITPOINT WARNING * * *
You feel very sick. Something hits you but does no damage.
You are more poisoned.
You feel better. Something hits you but does no damage.
You feel much better.
You hear some strange, mumbled words.
Something tries to affect you, but you resist.
You barely miss something. Something hits you.
You are poisoned.
Something hits you.
You are more poisoned.
You miss something.
You feel extremely sick. Something hits you but does no damage.
You are lethally poisoned!
You closely miss something.
You feel extremely sick. Something hits you but does no damage.
You are more poisoned.
You block something's attack.
You miss something.
* * * LOW HITPOINT WARNING * * *
You feel extremely sick. Something hits you.
* * * LOW HITPOINT WARNING * * *
You are more poisoned.
A red film seems to cover your vision as you go berserk!
You feel yourself moving faster!
You feel mighty!
* * * LOW HITPOINT WARNING * * *
You feel extremely sick. Something hits you but does no damage.
You are more poisoned.
Unknown command.
You are too berserk!
You are too berserk!
You are too berserk!
You are too berserk!
You closely miss something.
You die...

.... #........# #...
#...$....# ##.. #...
#........# #..# #...
.........####..######...
.........#..............
.........#.....#........
........)......#........
......{@...#...#........
.....<)....#...#.####.##
.########..##..#.# #.#
......>..#..#)# #.##
##########....##.# #...
#......###.##....#######
#####..).......##.####.....#
#...'......................#
#.###..........###.........#


There were no monsters in sight!

Vanquished Creatures
  An orc priest (D:3)
  Jessica (D:2)
  3 adders (D:2)
  A worm (D:3)
  14 orcs (D:3)
  3 endoplasms (D:1)
  2 giant cockroaches
  5 goblins
  9 hobgoblins
  4 jackals (D:1)
  6 kobolds
  2 quokkas
  8 ball pythons (D:1)
  6 bats
  2 frilled lizards
  6 rats
73 creatures vanquished.

Notes
Turn   | Place    | Note
-------+----------+-------------------------------------------
     0 | D:1      | SensoryNuts the Demonspawn Fighter began the quest for the
                  | Orb.
     0 | D:1      | Reached XP level 1. HP: 18/18 MP: 1/1
   261 | D:1      | Gained mutation: You are partially covered in thin metallic
                  | scales. (AC +2) [demonic ancestry]
   261 | D:1      | Reached XP level 2. HP: 24/24 MP: 2/2
   935 | D:1      | Gained mutation: You regenerate a little health from kills.
                  | [demonic ancestry]
   935 | D:1      | Reached XP level 3. HP: 23/29 MP: 3/3
  1099 | D:1      | Found a faded altar of an unknown god.
  1490 | D:2      | Noticed Jessica
  1500 | D:2      | Killed Jessica
  1501 | D:2      | Reached XP level 4. HP: 32/36 MP: 4/4
  2406 | D:3      | Reached skill level 1 in Dodging
  2509 | D:3      | Found a sparkling altar of Nemelex Xobeh.
  2860 | D:3      | Found a blossoming altar of Fedhas.
  2870 | D:3      | Found a sacrificial altar of Ru.
  3070 | D:3      | Gained mutation: You are mostly covered in thin metallic
                  | scales. (AC +3) [demonic ancestry]
  3070 | D:3      | Reached XP level 5. HP: 30/38 MP: 5/5
  3220 | D:3      | HP: 2/41 [poisoned by an orc wizard]
  3227 | D:3      | HP: 1/61 [poisoned by an orc wizard]
  3228 | D:3      | Succumbed to an orc wizard's poison

Illustrated notes

Levels and vault maps discovered:
D:1:      psy_arrival_conway, layout_loops_ring,
          hellmonk_ecumenical_altar_run_dry
D:2:      layout_loops_ring, uniq_jessica
D:3:      layout_basic, nemelex_xobeh_ov_fountains_minmay,
          amethyst_overflow_temple_binary, minmay_surrounded

Skill      XL: |  1  2  3  4 |
---------------+-------------+-----
Axes           | 2 3 |  3.9
Shields        | 3 |  3.0
Armour         | 3 |  3.1
Dodging        | 1 |  1.0
Fighting       | |  3.6

Action                   |  1- 3 |  4- 6 || total
-------------------------+-------+-------++-------
Melee: War axe           |   127 |    86 ||   213
  Use: Scroll            |       |     8 ||     8
       Potion            |       |     6 ||     6
Armor: Scale mail        |    79 |    50 ||   129
Dodge: Dodged            |    63 |    27 ||    90
Block: Buckler           |    33 |    15 ||    48

Table legend: (Time is in decaauts)
 A = Elapsed time spent in this place.
 B = Non-inter-level travel time spent in this place.
 C = Inter-level travel time spent in this place.
 D = Time resting spent in this place.
 E = Time spent auto-exploring this place.
 F = Levels seen in this place.
 G = Mean time per level.
                   A        B        C        D        E       F      G
               +--------+--------+--------+--------+--------+-----+--------+
         Total |   3319 |   3206 |    113 |    243 |   2462 |   3 | 1106.3 |
       Dungeon |   3319 |   3206 |    113 |    243 |   2462 |   3 | 1106.3 |
               +--------+--------+--------+--------+--------+-----+--------+

Top non-repeatable levels by time:
     D:1: 1342 daAuts
     D:2: 1092 daAuts
     D:3: 885 daAuts
